ITL
BIRMINGHAM BARONS @ TRENTON STARS
08/24/2028
 
TOP OF THE 1ST
Birmingham Barons batting - Pitching for Trenton Stars : RHP Juan Vázquez
Pitching: RHP Juan Vázquez
Batting: LHB Alberto Santos 0-0: Ball
1-0: SINGLE (Line Drive, 3D)
Batting: RHB Carlos Vásquez 0-0: Called Strike
0-1: Ball
1-1: Called Strike
1-2: Ball
2-2: Foul Ball, location: 2F
2-2: Fly out, F8 (Flyball, 8LS)
Batting: LHB José Rivera 0-0: Foul Ball, location: 2F
0-1: Swinging Strike
0-2: Ball
1-2: DOUBLE (Flyball, 9D)
Alberto Santos to third
Runner from 3rd tries for Home, SAFE, no throw
Batting: RHB Bryant von Bohlen 0-0: Called Strike
0-1: SINGLE (Line Drive, 56)
José Rivera to third
Runner from 3rd tries for Home, SAFE, no throw
Batting: RHB Yujiro Kurihara 0-0: Ball
1-0: SINGLE (Line Drive, 78M)
Bryant von Bohlen to second
Batting: LHB Bob Jones 0-0: Foul Ball, location: 2F
0-1: Foul Ball, location: 2F
0-2: Ball
Wild Pitch!
Bryant von Bohlen to third
Yujiro Kurihara to second
1-2: Ball
2-2: Strikes out swinging
Batting: LHB Curt Walker 0-0: Called Strike
0-1: SINGLE (Line Drive, 89S)
Bryant von Bohlen scores
Yujiro Kurihara to third
Batting: LHB John Haney 0-0: Ball
1-0: Ball
2-0: DOUBLE (Line Drive, 7LS)
Yujiro Kurihara scores
Curt Walker to third
Runner from 3rd tries for Home, SAFE, no throw
Batting: RHB Jean-Paul St-Pierre 0-0: Called Strike
0-1: SINGLE (Groundball, 4MD)
John Haney to third
Runner from 3rd tries for Home, SAFE, no throw
Batting: LHB Alberto Santos 0-0: Ball
1-0: Ball
2-0: Ground out 6-3 (Groundball, 6M)
Top of the 1st over - 6 run(s), 7 hit(s), 0 error(s), 1 left on base; Birmingham 6 - Trenton 0
BOTTOM OF THE 1ST
Trenton Stars batting - Pitching for Birmingham Barons : RHP Michel Dallaire
Pitching: RHP Michel Dallaire
Batting: SHB Nick Marshall 0-0: Foul Ball, location: 2F
0-1: Swinging Strike
0-2: Strikes out looking
Batting: RHB Jesús Dávila 0-0: Fly out, F9 (Flyball, 9S)
Batting: RHB Ken McDonald 0-0: Ball
1-0: Foul Ball, location: 2F
1-1: Swinging Strike
1-2: Foul Ball, location: 2F
1-2: Ball
2-2: Fly out, F8 (Flyball, 8RM)
Bottom of the 1st over - 0 run(s), 0 hit(s), 0 error(s), 0 left on base; Birmingham 6 - Trenton 0
TOP OF THE 2ND
Birmingham Barons batting - Pitching for Trenton Stars : RHP Juan Vázquez
Batting: RHB Carlos Vásquez 0-0: Fly out, F8 (Flyball, 8LM)
Batting: LHB José Rivera 0-0: Called Strike
0-1: Fly out, F8 (Flyball, 8RXD)
Batting: RHB Bryant von Bohlen 0-0: DOUBLE (Line Drive, 78XD)
Batting: RHB Yujiro Kurihara 0-0: Ball
1-0: Called Strike
1-1: Ground out 4-3 (Groundball, 4)
Top of the 2nd over - 0 run(s), 1 hit(s), 0 error(s), 1 left on base; Birmingham 6 - Trenton 0
BOTTOM OF THE 2ND
Trenton Stars batting - Pitching for Birmingham Barons : RHP Michel Dallaire
Batting: LHB Ricardo Brandariz 0-0: Called Strike
0-1: Foul Ball, location: 2F
0-2: Foul Ball, location: 2F
0-2: Strikes out swinging
Batting: RHB Jonas Uttley 0-0: Swinging Strike
0-1: Ground out 6-3 (Groundball, 56)
Batting: RHB Randy Simons 0-0: Ball
1-0: Called Strike
1-1: Ball
2-1: Ball
3-1: Base on Balls
Batting: RHB Rafael Canales 0-0: Ball
1-0: Called Strike
1-1: Ball
2-1: Called Strike
2-2: Ball
3-2: Base on Balls
Randy Simons to second
Batting: RHB Aaron Washington 0-0: Ball
1-0: Called Strike
1-1: Ball
2-1: Ball
3-1: SINGLE (Line Drive, 34D)
Randy Simons to third
Rafael Canales to second
Runner from 3rd tries for Home, throw and OUT!
Bottom of the 2nd over - 0 run(s), 1 hit(s), 0 error(s), 2 left on base; Birmingham 6 - Trenton 0
TOP OF THE 3RD
Birmingham Barons batting - Pitching for Trenton Stars : RHP Juan Vázquez
Batting: LHB Bob Jones 0-0: Foul Ball, location: 2F
0-1: Ball
1-1: Foul Ball, location: 2F
1-2: Ground out U3 (Groundball, 34)
Batting: LHB Curt Walker 0-0: Ball
1-0: Foul Ball, location: 2F
1-1: Ground out U3 (Groundball, 3)
Batting: LHB John Haney 0-0: Ball
1-0: Ball
2-0: Ball
3-0: Called Strike
3-1: Foul Ball, location: 2F
3-2: Foul Ball, location: 2F
3-2: Base on Balls
Batting: RHB Jean-Paul St-Pierre 0-0: Ball
1-0: Ball
2-0: Foul Ball, location: 2F
2-1: Ball
3-1: Ground out 5-3 (Groundball, 56S)
Top of the 3rd over - 0 run(s), 0 hit(s), 0 error(s), 1 left on base; Birmingham 6 - Trenton 0
BOTTOM OF THE 3RD
Trenton Stars batting - Pitching for Birmingham Barons : RHP Michel Dallaire
Batting: RHB Kenji Murayama 0-0: Called Strike
0-1: Ground out 5-3 (Groundball, 56S)
Batting: SHB Nick Marshall 0-0: Ball
1-0: Ball
2-0: Ground out 6-3 (Groundball, 6MD)
Batting: RHB Jesús Dávila 0-0: Ball
1-0: Fly out, F4 (Popup, 3D)
Bottom of the 3rd over - 0 run(s), 0 hit(s), 0 error(s), 0 left on base; Birmingham 6 - Trenton 0
TOP OF THE 4TH
Birmingham Barons batting - Pitching for Trenton Stars : RHP Juan Vázquez
Pitching: RHP José Gómez
Batting: LHB Alberto Santos 0-0: Fly out, F9 (Flyball, 9LS)
Batting: RHB Carlos Vásquez 0-0: Foul Ball, location: 2F
0-1: Foul Ball, location: 2F
0-2: Ball
1-2: Strikes out swinging
Batting: LHB José Rivera 0-0: Ball
1-0: Called Strike
1-1: Ball
2-1: Fly out, F7 (Line Drive, 7S)
Top of the 4th over - 0 run(s), 0 hit(s), 0 error(s), 0 left on base; Birmingham 6 - Trenton 0
BOTTOM OF THE 4TH
Trenton Stars batting - Pitching for Birmingham Barons : RHP Michel Dallaire
Batting: RHB Ken McDonald 0-0: Ball
1-0: Foul Ball, location: 2F
1-1: Ground out 6-3 (Groundball, 6)
Batting: LHB Ricardo Brandariz 0-0: Foul Ball, location: 2F
0-1: Ball
1-1: Swinging Strike
1-2: Ball
2-2: SINGLE (Groundball, 34D)
Batting: RHB Jonas Uttley 0-0: Called Strike
0-1: Foul Ball, location: 2F
0-2: Fly out, F9 (Flyball, 9)
Batting: RHB Randy Simons 0-0: Ball
1-0: Ball
2-0: Foul Ball, location: 2F
2-1: Ball
3-1: Called Strike
3-2: Foul Ball, location: 2F
3-2: SINGLE (Line Drive, 78S)
Ricardo Brandariz to second
Ricardo Brandariz to third
Batting: RHB Rafael Canales 0-0: Called Strike
0-1: Ball
1-1: Foul Ball, location: 2F
1-2: Ball
2-2: Ball
3-2: Base on Balls
Randy Simons to second
Batting: RHB Aaron Washington 0-0: Called Strike
0-1: Ball
1-1: Ball
2-1: Ball
3-1: Foul Ball, location: 2F
3-2: SINGLE (Line Drive, 7LM)
Ricardo Brandariz scores
Randy Simons to third
Rafael Canales to second
Randy Simons scores
Rafael Canales to third
Batting: RHB Kenji Murayama 0-0: Swinging Strike
0-1: Ball
1-1: Ball
2-1: Ball
3-1: Foul Ball, location: 2F
3-2: Foul Ball, location: 2F
3-2: Foul Ball, location: 2F
3-2: Foul Ball, location: 2F
3-2: Foul Ball, location: 2F
3-2: Foul Ball, location: 2F
3-2: Base on Balls
Aaron Washington to second
Batting: SHB Nick Marshall 0-0: DOUBLE (Line Drive, 9)
Rafael Canales scores
Aaron Washington scores
Kenji Murayama to third
Runner from 3rd tries for Home, throw and OUT!
Bottom of the 4th over - 4 run(s), 4 hit(s), 0 error(s), 1 left on base; Birmingham 6 - Trenton 4
TOP OF THE 5TH
Birmingham Barons batting - Pitching for Trenton Stars : RHP José Gómez
Batting: RHB Bryant von Bohlen 0-0: Ball
1-0: Ball
2-0: Called Strike
2-1: Foul Ball, location: 2F
2-2: Foul Ball, location: 2F
2-2: Ball
3-2: Strikes out swinging
Batting: RHB Yujiro Kurihara 0-0: Swinging Strike
0-1: Ball
1-1: Ball
2-1: Called Strike
2-2: Ball
3-2: Ground out U3 (Groundball, 34)
Batting: LHB Bob Jones 0-0: Called Strike
0-1: Ball
1-1: Ball
2-1: Ball
3-1: Base on Balls
Batting: LHB Curt Walker 0-0: Ball
1-0: Called Strike
1-1: SINGLE (Flyball, 8RS)
Bob Jones to second
Batting: LHB John Haney 0-0: Called Strike
0-1: Ball
1-1: Ball
2-1: SINGLE (Groundball, 34D)
Bob Jones to third
Curt Walker to second
Runner from 3rd tries for Home, SAFE, no throw
Batting: RHB Jean-Paul St-Pierre 0-0: Ball
1-0: SINGLE (Line Drive, 4)
Curt Walker to third
John Haney to second
Runner from 3rd tries for Home, SAFE, no throw
Batting: LHB Alberto Santos 0-0: Swinging Strike
0-1: Foul Ball, location: 2F
0-2: Ball
1-2: Ground out 5-3 (Groundball, 2L)
Top of the 5th over - 2 run(s), 3 hit(s), 0 error(s), 2 left on base; Birmingham 8 - Trenton 4
BOTTOM OF THE 5TH
Trenton Stars batting - Pitching for Birmingham Barons : RHP Michel Dallaire
Pitching: RHP Steven Browne
Batting: RHB Jesús Dávila 0-0: Called Strike
0-1: Ball
1-1: Ball
2-1: Fly out, F9 (Flyball, 9LS)
Batting: RHB Ken McDonald 0-0: Called Strike
0-1: Ball
1-1: Foul Ball, location: 2F
1-2: Ground out U3 (Groundball, 34)
Batting: LHB Ricardo Brandariz 0-0: Called Strike
0-1: Called Strike
0-2: Strikes out swinging
Bottom of the 5th over - 0 run(s), 0 hit(s), 0 error(s), 0 left on base; Birmingham 8 - Trenton 4
TOP OF THE 6TH
Birmingham Barons batting - Pitching for Trenton Stars : RHP José Gómez
Pitching: RHP Tomás Pagán
Batting: RHB Carlos Vásquez 0-0: Ball
1-0: Ball
2-0: Swinging Strike
2-1: Foul Ball, location: 2F
2-2: Ball
3-2: Strikes out looking
Batting: LHB José Rivera 0-0: Ball
1-0: Reached on error, E3 (Groundball, 3)
Batting: RHB Bryant von Bohlen 0-0: Ball
1-0: Ball
2-0: Called Strike
José Rivera steals 2nd base
2-1: Swinging Strike
2-2: Foul Ball, location: 2F
2-2: Ball
3-2: SINGLE (Groundball, 4D)
José Rivera to third
Runner from 3rd tries for Home, SAFE, no throw
Batting: RHB Yujiro Kurihara 0-0: Ball
1-0: Ball
2-0: Ball
3-0: Called Strike
3-1: Fly out, F8 (Flyball, 8LM)
Batting: LHB Bob Jones 0-0: Fielders Choice at 2nd, 4-6 (Groundball, 34)
Top of the 6th over - 1 run(s), 1 hit(s), 1 error(s), 0 left on base; Birmingham 9 - Trenton 4
BOTTOM OF THE 6TH
Trenton Stars batting - Pitching for Birmingham Barons : RHP Steven Browne
Batting: RHB Jonas Uttley 0-0: Called Strike
0-1: Foul Ball, location: 2F
0-2: SINGLE (Line Drive, 34D)
Batting: RHB Randy Simons 0-0: Called Strike
0-1: Ball
Jonas Uttley steals 2nd base
1-1: Foul Ball, location: 2F
1-2: DOUBLE (Line Drive, 7LM)
Jonas Uttley scores
Batting: RHB Rafael Canales 0-0: Ball
1-0: Ball
2-0: Ball
3-0: Base on Balls
Batting: RHB Aaron Washington 0-0: Ball
1-0: Foul Ball, location: 2F
1-1: SINGLE (Groundball, 6MD)
Randy Simons to third
Rafael Canales to second
Batting: RHB Kenji Murayama 0-0: Called Strike
0-1: Fielders Choice at 3rd, U5 (Groundball, 5L)
Randy Simons scores
Aaron Washington to second
Pitching: RHP Ken Lyons
Batting: SHB Nick Marshall 0-0: Ball
1-0: SINGLE (Line Drive, 6M)
Aaron Washington to third
Kenji Murayama to second
Batting: RHB Jesús Dávila 0-0: Ball
1-0: DOUBLE (Line Drive, 78XD)
Aaron Washington scores
Kenji Murayama scores
Nick Marshall to third
Runner from 3rd tries for Home, SAFE, no throw
Batting: RHB Ken McDonald 0-0: Called Strike
0-1: 2-RUN HOME RUN (Flyball, 78D), Distance : 391 ft
Pitching: LHP Richard Simpson
Batting: LHB Ricardo Brandariz 0-0: Called Strike
0-1: Foul Ball, location: 2F
0-2: Ball
1-2: Ground out 5-3 (Groundball, 5)
Batting: RHB Jonas Uttley 0-0: Ball
1-0: Ball
2-0: Ball
3-0: Base on Balls
Batting: RHB Randy Simons 0-0: Ball
1-0: Ball
2-0: Ball
Pickoff Throw by Catcher to First - Out!
Bottom of the 6th over - 7 run(s), 6 hit(s), 0 error(s), 0 left on base; Birmingham 9 - Trenton 11
TOP OF THE 7TH
Birmingham Barons batting - Pitching for Trenton Stars : RHP Tomás Pagán
Batting: LHB Curt Walker 0-0: Ball
1-0: Swinging Strike
1-1: Called Strike
1-2: Foul Ball, location: 2F
1-2: Ball
2-2: Ball
3-2: Base on Balls
Batting: LHB John Haney 0-0: Ball
1-0: Ball
2-0: Called Strike
2-1: Sac Bunt - play at second, runner OUT! 1-6
Batting: RHB Jean-Paul St-Pierre 0-0: Ball
1-0: Ball
2-0: Called Strike
2-1: Foul Ball, location: 2F
2-2: Foul Ball, location: 2F
2-2: Ball
3-2: Strikes out swinging
Batting: LHB Alberto Santos 0-0: Ball
1-0: Fly out, F4 (Line Drive, 4M)
Top of the 7th over - 0 run(s), 0 hit(s), 0 error(s), 1 left on base; Birmingham 9 - Trenton 11
BOTTOM OF THE 7TH
Trenton Stars batting - Pitching for Birmingham Barons : LHP Richard Simpson
Batting: RHB Randy Simons 0-0: Ball
1-0: Ball
2-0: Ball
3-0: Called Strike
3-1: Called Strike
3-2: Base on Balls
Batting: RHB Rafael Canales 0-0: Ball
1-0: Called Strike
1-1: Ball
2-1: SINGLE (Groundball, 34D)
Randy Simons to second
Runner from 2nd tries for 3rd, SAFE, throw made to third
Batting: RHB Aaron Washington 0-0: Fly out, F8 (Flyball, 78D)
Runner from 3rd tags up, SCORES, no throw
Batting: RHB Kenji Murayama 0-0: Foul Ball, location: 2F
0-1: Swinging Strike
0-2: Ball
1-2: Ball
2-2: Grounds into double play, 4-6-3 (Groundball, 4)
Bottom of the 7th over - 1 run(s), 1 hit(s), 0 error(s), 0 left on base; Birmingham 9 - Trenton 12
TOP OF THE 8TH
Birmingham Barons batting - Pitching for Trenton Stars : RHP Tomás Pagán
Batting: RHB Carlos Vásquez 0-0: Ball
1-0: Foul Ball, location: 2F
1-1: Ball
2-1: Ball
3-1: Swinging Strike
3-2: Foul Ball, location: 2F
3-2: Strikes out swinging
Batting: LHB José Rivera 0-0: SINGLE (Groundball, 34D)
Pitching: RHP Bartolo Rodríguez
Batting: RHB Bryant von Bohlen 0-0: Ball
1-0: Ball
2-0: Ball
3-0: Called Strike
3-1: Called Strike
3-2: Foul Ball, location: 2F
3-2: Strikes out swinging
Batting: RHB Yujiro Kurihara 0-0: Swinging Strike
0-1: Swinging Strike
0-2: Ball
1-2: Ball
2-2: Foul Ball, location: 2F
2-2: Ball
3-2: Foul Ball, location: 2F
3-2: Foul Ball, location: 2F
3-2: Base on Balls
José Rivera to second
Batting: LHB Bob Jones 0-0: Ball
1-0: Ball
2-0: Called Strike
2-1: Ball
3-1: Called Strike
3-2: Base on Balls
José Rivera to third
Yujiro Kurihara to second
Batting: LHB Curt Walker 0-0: Called Strike
0-1: Fly out, F7 (Flyball, 7LS)
Top of the 8th over - 0 run(s), 1 hit(s), 0 error(s), 3 left on base; Birmingham 9 - Trenton 12
BOTTOM OF THE 8TH
Trenton Stars batting - Pitching for Birmingham Barons : LHP Richard Simpson
Batting: SHB Nick Marshall 0-0: Ground out 6-3 (Groundball, 6)
Batting: RHB Jesús Dávila 0-0: Called Strike
0-1: Ball
1-1: Ball
2-1: Foul Ball, location: 2F
2-2: Ball
3-2: Foul Ball, location: 2F
3-2: Strikes out swinging, 2-3 out at first.
Batting: RHB Ken McDonald 0-0: Swinging Strike
0-1: Ball
1-1: Ball
2-1: Called Strike
2-2: Ball
3-2: SOLO HOME RUN (Flyball, 7D), Distance : 374 ft
Batting: LHB Ricardo Brandariz 0-0: Ball
1-0: Ground out 5-3 (Groundball, 56)
Bottom of the 8th over - 1 run(s), 1 hit(s), 0 error(s), 0 left on base; Birmingham 9 - Trenton 13
TOP OF THE 9TH
Birmingham Barons batting - Pitching for Trenton Stars : RHP Bartolo Rodríguez
Batting: LHB John Haney 0-0: Called Strike
0-1: Ball
1-1: Ball
2-1: Ball
3-1: Base on Balls
Pitching: RHP Gilberto Martínez
Batting: RHB Jean-Paul St-Pierre 0-0: Ball
1-0: Ball
2-0: Ball
3-0: Base on Balls
John Haney to second
Pitching: RHP Denver Gallegos
Batting: LHB Alberto Santos 0-0: Ball
1-0: Ball
2-0: Swinging Strike
2-1: Fielders Choice at 2nd, 3-6 (Groundball, 34)
John Haney to third
Batting: RHB Carlos Vásquez 0-0: Ground out 5-3 (Groundball, 56S)
John Haney scores
Alberto Santos to second
Batting: LHB José Rivera 0-0: Ball
1-0: Called Strike
1-1: Ball
2-1: Foul Ball, location: 2F
2-2: Foul Ball, location: 2F
2-2: Ball
3-2: 2-RUN HOME RUN (Flyball, 9LD), Distance : 322 ft
Pinch Hitting: SHB Orlando Aguilar 0-0: Called Strike
0-1: Called Strike
0-2: Ground out 6-3 (Groundball, 6)
Top of the 9th over - 3 run(s), 1 hit(s), 0 error(s), 0 left on base; Birmingham 12 - Trenton 13
Tuesday, August 8th, 2017 - OOTP Baseball 17.12 Build 75